 Seeded DCSS version 0.32-a0-42-ga30500b (webtiles) character file.

Game seed: 7407443373086027000 (custom seed)

22 brinewave the Caller (level 2, 0/19 HPs)
             Began as a Human Summoner on Feb 3, 2024.
             Frozen to death by an endoplasm (2 damage)
             ... on level 2 of the Dungeon.
             The game lasted 00:04:11 (1232 turns).

brinewave the Caller (Human Summoner)               Turns: 1232, Time: 00:04:11

Health: 0/19       AC:  2    Str:  8    XL:     2   Next: 91%
Magic:  5/5        EV:  9    Int: 15    God:
Gold:   39         SH:  0    Dex: 13    Spells: 4/5 levels left

rFire   . . .        e - +0 dagger
rCold   . . .        (no shield)
rNeg    . . .        a - +0 robe
rPois   .            (no helmet)
rElec   .            (no cloak)
rCorr   +            (no gloves)
SInv    .            (no boots)
Will    .....        (no amulet)
Stlth   ++           j - ring of resist corrosion
HPRegen 0.23/turn    (no ring)
MPRegen 0.09/turn

%: no passive effects
@: constricted
A: explore regen
a: no special abilities


You were on level 2 of the Dungeon.
You visited 1 branch of the dungeon, and saw 2 of its levels.

You collected 39 gold pieces.

Inventory:

Hand Weapons
 e - a +0 dagger (weapon)
Missiles
 d - 12 stones
Armour
 a - a +0 robe (worn)
Jewellery
 j - a ring of resist corrosion (left hand)
Scrolls
 h - a scroll of identify {unknown}
Potions
 c - 3 potions of degeneration {unknown}
 g - a potion of ambrosia {unknown}
 i - 2 potions of curing {unknown}


   Skills:
 + Level 2.5 Dodging
 - Level 2.0 Stealth
 + Level 2.3 Spellcasting
 + Level 4.2 Summonings


You had 4 spell levels left.
You knew the following spells:

 Your Spells              Type           Power      Damage    Failure   Level
a - Summon Small Mammal   Summ           56%        N/A       3%          1

Your spell library contained the following spells:

 Spells                   Type           Power      Damage    Failure   Level
 Call Imp                 Summ           28%        N/A       5%          2
 Call Canine Familiar     Summ           14%        N/A       11%         3
 Summon Blazeheart Golem  Fire/Summ      8%         N/A       65%         4
 Summon Lightning Spire   Summ/Air       8%         N/A       65%         4


Dungeon Overview and Level Annotations

Branches:
Dungeon (2/15)

Altars:


Innate Abilities, Weirdness & Mutations

You regain HP and MP as you explore.


Message History

Your rat disappears in a puff of smoke!
Your bat hits the giant cockroach but does no damage.
The ball python closely misses you. The ball python constricts you.
The giant cockroach bites you. The rat bites you.
The endoplasm jiggles.
You closely miss the giant cockroach. The ball python closely misses you.
The ball python constricts you.
The giant cockroach bites you but does no damage.
The ball python bites you but does no damage.
The ball python constricts you.
* * * LOW HITPOINT WARNING * * *
The rat completely misses you.
Your bat hits the giant cockroach.
Your rat bites the ball python.
The endoplasm freezes you.
You are frozen.
* * * LOW HITPOINT WARNING * * *
You don't have enough magic to cast this spell.
You don't have enough magic to cast this spell.
You hit the endoplasm.
The endoplasm is severely wounded.
Your bat hits the giant cockroach but does no damage.
The giant cockroach bites you.
* * * LOW HITPOINT WARNING * * *
The ball python bites you.
* * * LOW HITPOINT WARNING * * *
The ball python constricts you. The rat bites you but does no damage.
Your rat barely misses the ball python.
The endoplasm freezes you.
You are frozen.
* * * LOW HITPOINT WARNING * * *
Magic courses through your body.
Your bat barely misses the rat.
The giant cockroach closely misses you. The ball python misses you.
The ball python constricts you.
The giant cockroach waves its antennae.
The giant cockroach completely misses you.
The rat closely misses you.
Your rat closely misses the ball python.
The endoplasm freezes you.
You are frozen.
You die...

?.. ... .. ..
.# .######
###.....>#
##@Sg..##
#JBrr..>#
#.........#
#.......b...#
##..........#
#..........#
#..........#
#..........#
...........#


You could see an endoplasm, a giant cockroach (ally target), a hobgoblin, a ball
python (ally target), a rat, a friendly bat (summoned) and a friendly rat
(summoned).

Vanquished Creatures
  A dart slug (D:1)
  A rat (D:1)
2 creatures vanquished.

Vanquished Creatures (collateral kills)
  5 ball pythons (D:1)
  2 endoplasms (D:1)
  A goblin (D:1)
  2 hobgoblins (D:1)
  3 kobolds (D:1)
  2 quokkas (D:1)
  2 bats (D:1)
17 creatures vanquished.

Grand Total: 19 creatures vanquished

Notes
Turn   | Place    | Note
-------+----------+-------------------------------------------
     0 | D:1      | brinewave the Human Summoner began the quest for the Orb.
     0 | D:1      | Reached XP level 1. HP: 13/13 MP: 3/3
   348 | D:1      | Reached XP level 2. HP: 19/19 MP: 5/5
  1232 | D:2      | Frozen to death by an endoplasm

Illustrated notes

Levels and vault maps discovered:
D:1:      scummos_arrival_simple_fountains, layout_basic
D:2:      layout_rooms, minmay_tripent

Action                     || total
---------------------------++-------
  Melee: Unarmed           ||     6
         Dagger            ||    19
   Cast: Summon Small Mamm ||    34
    Use: Scroll            ||     1
         Potion            ||     1
 Armour: Robe              ||    29
  Dodge: Dodged            ||    43

Table legend: (Time is in decaauts)
 A = Elapsed time spent in this place.
 B = Non-inter-level travel time spent in this place.
 C = Inter-level travel time spent in this place.
 D = Time resting spent in this place.
 E = Time spent auto-exploring this place.
 F = Levels seen in this place.
 G = Mean time per level.
                   A        B        C        D        E       F      G
               +--------+--------+--------+--------+--------+-----+--------+
         Total |   1230 |   1190 |     40 |      0 |    949 |   2 |  615.0 |
       Dungeon |   1230 |   1190 |     40 |      0 |    949 |   2 |  615.0 |
               +--------+--------+--------+--------+--------+-----+--------+

Top non-repeatable levels by time:
     D:1: 1216 daAuts
     D:2: 14 daAuts
